 Dungeon Crawl Stone Soup version 0.24.0-7-gb3623d2c88 (webtiles) character file.

Game seed: 15024102512051208074, levelgen mode: deterministic

323781 Baz the Warrior (level 21, -24/199 HPs)
             Began as a Hill Orc Wanderer on Nov 2, 2019.
             Was an Elder of Beogh.
             Annihilated by a vampire knight
             ... wielding a +0 battleaxe
              (27 damage)
             ... while paralysed by a vampire knight
             ... on level 2 of the Depths.
             The game lasted 02:49:48 (52923 turns).

Baz the Warrior (Hill Orc Wanderer)                Turns: 52923, Time: 02:49:48

Health: -24/199    AC: 35    Str: 26    XL:     21   Next: 58%
Magic:  31/31      EV:  2    Int: 10    God:    Beogh [****..]
Gold:   3400       SH:  0    Dex: 12    Spells: 20/23 levels left

rFire    . . .     SeeInvis .   c - +6 broad axe (flame)
rCold    + . .     Gourm    .   a - +0 large shield
rNeg     . . .     Faith    .   T - +1 crystal plate armour
rPois    .         Spirit   .   v - +1 hat
rElec    .         Reflect  +   E - +0 cloak
rCorr    .         Harm     .   F - +2 pair of gloves
MR       +....                  Y - +1 pair of boots {Stlth+}
Stlth    ..........             i - +6 amulet of reflection
HPRegen  0.43/turn              G - +3 ring of strength
MPRegen  0.22/turn              Z - ring of protection from cold

@: paralysed, lightly drained
A: hooves 2, horns 1, repulsion field 1, clumsy 1
}: 2/15 runes: decaying, gossamer
a: Smiting, Recall Orcish Followers, Renounce Religion


You were on level 2 of the Depths.
You worshipped Beogh.
Beogh was greatly pleased with you.
You were not hungry.

You visited 6 branches of the dungeon, and saw 35 of its levels.
You also visited: Ice Cave.

You collected 3716 gold pieces.
You spent 316 gold pieces at shops.

Inventory:

Hand Weapons
 c - a +6 broad axe of flaming (weapon)
 l - a +3 bardiche
Armour
 a - a +0 large shield (worn)
 v - a +1 hat (worn)
 E - a +0 cloak (worn)
 F - a +2 pair of gloves (worn)
 T - a +1 crystal plate armour (worn)
 Y - a +1 pair of boots of stealth (worn)
Jewellery
 i - a +6 amulet of reflection (around neck)
 t - the ring of the Princess {Ice Str+4 Int+4 Stlth+}
   (You found it on level 6 of the Dungeon)

   [ring of ice]

   It enhances your ice magic.
   It affects your strength (+4).
   It affects your intelligence (+4).
   It makes you vulnerable to fire.
   It protects you from cold.
   It makes you more stealthy.
 G - a +3 ring of strength (left hand)
 I - an uncursed ring of see invisible
 R - an uncursed ring of poison resistance
 Z - a ring of protection from cold (right hand)
Wands
 n - a wand of acid (22)
 q - a wand of digging (8)
 s - a wand of clouds (4)
 u - a wand of polymorph (7)
 B - a wand of paralysis (9)
 P - a wand of flame (16)
 X - a wand of iceblast (17)
Scrolls
 g - 3 scrolls of immolation
 h - 9 scrolls of fog
 o - 2 scrolls of holy word
 p - 7 scrolls of fear
 r - 5 scrolls of blinking
 D - 11 scrolls of teleportation
 J - 5 scrolls of magic mapping
 K - 3 scrolls of enchant armour
 L - 8 scrolls of remove curse
 N - 10 scrolls of amnesia
 Q - 4 scrolls of vulnerability
 W - a scroll of silence
Potions
 b - 13 potions of curing
 d - a potion of invisibility
 e - 3 potions of resistance
 m - 4 potions of ambrosia
 w - 4 potions of agility
 x - 3 potions of flight
 z - a potion of cancellation
 A - 4 potions of haste
 C - 2 potions of heal wounds
 H - 6 potions of lignification
 M - 2 potions of berserk rage
 O - a potion of magic
 S - 3 potions of brilliance
 U - a potion of might
Miscellaneous
 j - a phial of floods
 k - a lightning rod (4/4)
 y - a lamp of fire
Comestibles
 f - 64 rations


   Skills:
 + Level 19.5 Fighting
 - Level 17.8(17.9) Axes
   Level 3.9(11.0) Maces & Flails
 + Level 18.1 Armour
 + Level 13.1 Dodging
 - Level 1.5 Stealth
 + Level 17.5 Shields
 - Level 1.5 Spellcasting
   Level 2.0(1.9) Necromancy
   Level 1.0(0.9) Earth Magic
 + Level 14.2 Invocations
 - Level 6.0 Evocations


You had 20 spell levels left.
You knew the following spells:

 Your Spells              Type           Power        Failure   Level  Hunger
a - Magic Dart            Conj           #...         100%        1    ##.....
b - Blink                 Tloc           N/A          100%        2    ###....

Your spell library contained the following spells:

 Spells                   Type           Power        Failure   Level  Hunger
 Apportation              Tloc           #.....       100%        1    ##.....
 Beastly Appendage        Tmut           #.....       100%        1    ##.....
 Freeze                   Ice            #...         100%        1    ##.....
 Sandblast                Erth           #.....       100%        1    ##.....
 Summon Butterflies       Summ           #.......     100%        1    ##.....
 Summon Small Mammal      Summ           #...         100%        1    ##.....
 Call Imp                 Summ           #.......     100%        2    ###....
 Corpse Rot               Necr           N/A          100%        2    ###....
 Passwall                 Tmut/Erth      #.......     100%        2    ###....
 Searing Ray              Conj           #.....       100%        2    ###....
 Shroud of Golubria       Chrm/Tloc      #.....       100%        2    ###....
 Slow                     Hex            #.......     100%        2    ###....
 Sticks to Snakes         Tmut           #.......     100%        2    ###....
 Sublimation of Blood     Necr           #.........   100%        2    ###....
 Throw Frost              Conj/Ice       #.....       100%        2    ###....
 Call Canine Familiar     Summ           #.......     100%        3    ####...
 Conjure Flame            Conj/Fire      #.......     100%        3    ####...
 Dazzling Spray           Conj/Hex       #.....       100%        3    ####...
 Gell's Gravitas          Tloc           #.........   100%        3    ####...
 Lesser Beckoning         Tloc           #.........   100%        3    ####...
 Mephitic Cloud           Conj/Pois/Air  #.......     100%        3    ####...
 Ozocubu's Armour         Chrm/Ice       #.......     100%        3    ####...
 Spider Form              Tmut/Pois      #.........   100%        3    ####...
 Stone Arrow              Conj/Erth      #.....       100%        3    ####...
 Summon Guardian Golem    Hex/Summ       #.......     100%        3    ####...
 Teleport Other           Tloc           #.......     100%        3    ####...
 Tukima's Dance           Hex            #.......     100%        3    ####...
 Force Lance              Conj/Tloc      #.......     100%        4    #####..
 Fulminant Prism          Conj/Hex       #.........   100%        4    #####..
 Ice Form                 Ice/Tmut       #.......     100%        4    #####..
 Iskenderun's Mystic Bla  Conj           #.......     100%        4    #####..
 Passage of Golubria      Tloc           N/A          100%        4    #####..
 Petrify                  Tmut/Erth      #.......     100%        4    #####..
 Summon Ice Beast         Ice/Summ       #.......     100%        4    #####..
 Summon Lightning Spire   Summ/Air       #.......     100%        4    #####..
 Throw Icicle             Conj/Ice       #.......     100%        4    #####..
 Alistair's Intoxication  Tmut/Pois      #.......     100%        5    ######.
 Blade Hands              Tmut           #.........   100%        5    ######.
 Lee's Rapid Deconstruct  Erth           #.........   100%        5    ######.
 Metabolic Englaciation   Hex/Ice        #.........   100%        5    ######.
 Bolt of Cold             Conj/Ice       #.........   100%        6    #######
 Freezing Cloud           Conj/Ice/Air   #.........   100%        6    #######
 Invisibility             Hex            #.......     100%        6    #######
 Ozocubu's Refrigeration  Ice            #.........   100%        6    #######
 Simulacrum               Ice/Necr       #.........   100%        6    #######


Dungeon Overview and Level Annotations

Branches:
Dungeon (15/15)            Temple (0/1) D:6            Lair (6/6) D:8
  Swamp (4/4) Lair:2       Spider (4/4) Lair:2        Slime (0/5) Lair:5
    Orc (0/2) D:12         Vaults (4/5) D:14          Crypt (0/3) Vaults:2
 Depths (2/5) D:15          IceCv (visited)

Altars:
Dithmenos
Fedhas
Hepliaklqana
Nemelex Xobeh
Qazlal
Ru
Sif Muna
Uskayaw
Vehumet
Xom
The Shining One
Jiyva

Shops:
D:6 :%(   D:7 *   D:9 [   Depths:1 *[*   Depths:2 ?

Portals:
Hell: Depths:1

Annotations:
D:3 Ijyb
D:5 exclusion: door
D:9 exclusion: door
D:10 exclusion: 2 doors
D:12 exclusion: 3 doors
Vaults:3 exclusion: door
Depths:1 exclusion: door


Innate Abilities, Weirdness & Mutations

You have hoof-like feet.
You have a pair of small horns on your head.
You are surrounded by a mild repulsion field. (EV +2)
You are clumsy. (Dex -2)


Message History

Something bites you but does no damage.
The vampire knight points at Bogbrand and mumbles some strange words.
Bogbrand resists with significant effort.
Something hits you!
* * * LOW HITPOINT WARNING * * *
Something completely misses you.
The skeletal warrior hits you but does no damage.
Something hits you!
* * * LOW HITPOINT WARNING * * *
Something bites you but does no damage.
Bogbrand hits the vampire knight but does no damage.
Bogbrand hits something but does no damage.
Bogbrand hits the skeletal warrior but does no damage.
The skeletal warrior hits you but does no damage.
The vampire knight hits Bogbrand but does no damage.
The vampire knight hits you but does no damage.
The vampire knight bites Bogbrand.
The vampire knight draws strength from Bogbrand's injuries!
Something hits you!!
You die...

###...#...###
.#..%........###
....≈...........#
#{.≈......≈≈≈..#
....
###.≈*≈≈...≈≈≈..#
....
....eVz....≈≈....
....M
.....zVo...≈≈...
..≈≈
#$....{@........
≈≈≈
#......{)))####
#V. ##.......).#
#≈. #.........#
#≈. #.........#
♣#≈. ...........#
♣(.. ###........#
♣#(≈ #........##
♣♣##.(
#.....##..##
♣♣♣.###.


You could see 2 vampire knights, a deep elf death mage, 2 skeletal warriors, a
lost soul and the friendly Bogbrand the orc knight.

Vanquished Creatures
  Bai Suzhen (Swamp:4)
  Xtahua (Vaults:4)
  the Lernaean hydra (Swamp:4)
  Rupert (D:13)
  2 liches (Depths:1)
  A quicksilver dragon (Depths:2)
  A thorn hunter (Swamp:3)
  A fire giant (Vaults:3)
  8 vault wardens
  5 ghost moths
  A frost giant (Depths:2)
  7 emperor scorpions
  12 ironheart preservers
  A spriggan defender (Depths:1)
  8 very ugly things
  8 stone giants
  A vampire knight (Depths:1)
  An entropy weaver (Vaults:3)
  The ghost of Sigibet the Geomancer, a journeyman GrEE of Vehumet (Lair:6)
  2 deep elf annihilators (Vaults:2)
  Nessos (Lair:5)
  A spark wasp (Spider:4)
  2 blizzard demons (IceCv)
  3 ettins (Depths:1)
  7 fire dragons
  2 green deaths (Swamp:4)
  2 merfolk javelineers
  9 yaktaur captains
  A fire dragon (shapeshifter) (Vaults:3)
  17 hydras
  10 vault guards
  5 great orbs of eyes
  9 ogre magi
  3 rakshasas
  3 spriggan air magi
  7 ice dragons
  A catoblepas (Lair:6)
  10 centaur warriors
  2 death yaks (Lair:4)
  2 death knights (Vaults:1)
  11 alligators
  36 two-headed ogres
  2 tengu warriors
  4 vampire magi
  2 deep troll earth magi (Depths:1)
  A dancing weapon (Lair:6)
  A thrashing horror (Swamp:4)
  A spriggan berserker (Depths:2)
  2 deep elf knights
  A hell knight (Depths:2)
  A fire crab (shapeshifter) (Vaults:4)
  3 skeletal warriors
  A shadow wraith (Vaults:3)
  2 spriggan druids
  7 deep trolls
  An unseen horror (shapeshifter) (Vaults:4)
  A death drake (shapeshifter) (Vaults:4)
  A sea snake (shapeshifter) (Depths:2)
  4 flayed ghosts
  3 unseen horrors
  8 swamp dragons
  2 wizards
  3 glowing orange brains
  12 ironbrand convokers
  A necromancer (Depths:1)
  The ghost of topfpfpflanze the Caller, a novice CeSu of Sif Muna (D:7)
  5 deep elf magi
  6 cyclopes
  42 ugly things
  9 orb spiders
  An orb spider (shapeshifter) (Vaults:1)
  2 manticores
  21 wolf spiders
  A stone giant zombie (Depths:1)
  2 moths of wrath
  6 elephants
  Maurice (D:13)
  2 black mambas (Lair:6)
  9 vault sentinels
  An ice statue (IceCv)
  An orange demon (Swamp:4)
  13 spiny frogs
  3 torpor snails
  3 gargoyles
  2 kobold demonologists (D:14)
  An elf skeleton (Depths:1)
  A komodo dragon (shapeshifter) (Vaults:1)
  26 yaktaurs
  5 komodo dragons
  A yaktaur (shapeshifter) (Depths:2)
  3 rime drakes
  A tengu conjurer (D:15)
  4 anaconda simulacra (IceCv)
  10 demonic crawlers
  3 freezing wraiths
  4 ice devils (IceCv)
  12 jumping spiders
  4 trolls
  A queen bee (shapeshifter) (Depths:1)
  10 tyrant leeches
  A tengu simulacrum (Depths:1)
  3 polar bears (Lair:6)
  2 raiju (Lair:6)
  A hornet (shapeshifter) (Depths:2)
  11 blink frogs
  10 bog bodies
  18 hornets
  A wolf spider simulacrum (IceCv)
  7 dream sheep
  8 hippogriffs
  32 slime creatures
  A shapeshifter (Lair:6)
  18 tarantellas
  Sigmund (D:2)
  6 shadows
  2 dire elephant simulacra (IceCv)
  A redback (shapeshifter) (Vaults:3)
  6 spriggans
  6 wraiths
  66 redbacks
  3 wyverns
  5 water elementals
  A tarantella (shapeshifter) (Vaults:2)
  29 yaks
  2 basilisks (Lair:6)
  2 steam dragons (Lair:6)
  A large abomination (Swamp:4)
  3 hungry ghosts
  7 vampire mosquitoes
  A yaktaur simulacrum (Vaults:3)
  5 wargs
  A small abomination (Swamp:4)
  2 harpy simulacra (IceCv)
  4 insubstantial wisps (Swamp:2)
  12 swamp worms
  4 iron troll simulacra (IceCv)
  7 acid dragons
  8 hell hounds (Lair:6)
  2 soldier ants
  7 water moccasins
  2 hydra simulacra (IceCv)
  13 porcupines
  29 ogres
  4 orc warriors
  6 swamp drakes
  2 ettin simulacra
  A hornet zombie (D:7)
  4 ice beasts
  3 sky beasts
  5 phantoms
  6 black bears
  8 boggarts
  7 centaurs
  33 wolves
  14 crocodiles
  7 big kobolds
  A bullfrog (shapeshifter) (D:14)
  19 bullfrogs
  3 wyvern skeletons
  2 scorpions
  A water moccasin zombie (D:5)
  4 killer bees (D:11)
  A human simulacrum (Vaults:3)
  14 wights
  2 howler monkeys (D:12)
  An electric eel (Spider:3)
  9 crimson imps
  2 centaur zombies
  3 draconian simulacra (IceCv)
  2 hounds
  4 orc priests
  2 bullfrog zombies
  7 centaur skeletons
  4 jellies
  4 orc wizards
  A bullfrog skeleton (D:11)
  Terence (D:1)
  5 worker ants
  3 iguanas
  2 hell rats (Lair:5)
  4 spriggan simulacra (IceCv)
  3 wolf simulacra (IceCv)
  2 polar bear simulacra (IceCv)
  2 troll simulacra (IceCv)
  A killer bee zombie (D:9)
  4 centaur simulacra (IceCv)
  A hound zombie (D:11)
  A howler monkey zombie (D:11)
  3 gnolls (D:12)
  9 adders
  2 naga simulacra (IceCv)
  7 river rats (Lair:5)
  2 ogre simulacra (IceCv)
  4 shadow imps
  2 white imps (IceCv)
  2 ufetubi (IceCv)
  4 oozes
  3 adder skeletons
  4 worms
  9 dart slugs
  4 leopard geckos
  29 orcs
  A ball python (D:1)
  3 giant cockroaches
  13 goblins
  6 hobgoblins
  4 jackals (D:10)
  2 quokkas
  5 bats
  4 frilled lizards
  A giant cockroach zombie (D:5)
  27 kobolds
  2 leopard gecko zombies
  13 rats
  2 briar patches (Swamp:3)
  A fungus (Lair:2)
  A plant (Lair:6)
1224 creatures vanquished.

Vanquished Creatures (collateral kills)
  2 vault wardens
  A very ugly thing (Vaults:4)
  2 entropy weavers (Spider:2)
  2 stone giants
  A merfolk javelineer (Depths:1)
  3 ogre magi
  2 yaktaur captains
  A hydra (Lair:2)
  2 vault guards
  A spriggan air mage (Depths:2)
  An ice dragon (Depths:2)
  A centaur warrior (Vaults:1)
  2 two-headed ogres
  2 alligators
  4 death yaks (Lair:4)
  4 orc knights
  A skeletal warrior (Vaults:1)
  2 deep trolls
  2 wizards (Vaults:3)
  A deep elf archer (Vaults:1)
  7 wolf spiders
  A wolf spider zombie (D:14)
  9 ugly things
  An orc sorcerer (Vaults:2)
  5 deep elf magi
  2 cyclopes (Vaults:1)
  2 elephants (Lair:2)
  A centaur zombie (D:13)
  3 vault sentinels
  4 spiny frogs
  A centaur skeleton (D:14)
  A komodo dragon (Lair:3)
  A torpor snail (Spider:1)
  A rime drake (Lair:5)
  3 freezing wraiths
  3 yaktaurs
  10 jumping spiders
  4 demonic crawlers
  4 slime creatures
  5 polar bears (Lair:6)
  2 dream sheep (Lair:5)
  7 blink frogs
  A hippogriff (Lair:1)
  16 redbacks
  A frost giant simulacrum (Vaults:2)
  A wraith (D:13)
  11 yaks
  A tarantella (Spider:1)
  A basilisk (shapeshifter) (Vaults:1)
  A basilisk (Lair:6)
  A warg (Lair:6)
  7 hell hounds (Lair:6)
  An acid dragon (Lair:6)
  4 water moccasins
  An orc warrior (Vaults:3)
  7 black bears
  An eye of draining (D:13)
  4 ogres
  A centaur (D:13)
  A boggart (Depths:2)
  8 wolves
  3 crocodiles
  A gnoll sergeant (D:12)
  An electric eel (Lair:3)
  A crimson imp (D:13)
  An iguana (D:13)
  A quokka (D:12)
  3 plants
194 creatures vanquished.

Vanquished Creatures (others)
  An orc warlord (D:14)
  4 stone giants
  2 yaktaur captains
  10 orc knights
  A spriggan air mage (Depths:2)
  2 centaur warriors (Vaults:4)
  A shadow wraith (Vaults:3)
  A glowing orange brain (Depths:2)
  2 deep elf archers
  8 yaktaurs
  A redback (Spider:4)
  5 orc warriors
  5 centaurs
  An orc priest (Vaults:4)
  2 orc wizards
  4 white imps (IceCv)
  5 ufetubi (IceCv)
  16 orcs
  10 fungi
  23 plants
  16 toadstools
120 creatures vanquished.

Grand Total: 1538 creatures vanquished

Notes
Turn   | Place    | Note
-------+----------+-------------------------------------------
     0 | D:1      | Baz the Hill Orc Wanderer began the quest for the Orb.
     0 | D:1      | Baz set off with the following items: a +0 club, a +0 robe,
                  | a +0 dagger, a ration; and the following spell memorised:
                  | Magic Dart; and the following spells available to memorise:
                  | Corpse Rot, Sublimation of Blood, Blink, Call Imp, Slow,
                  | Conjure Flame, Mephitic Cloud
     0 | D:1      | Reached XP level 1. HP: 14/14 MP: 3/3
    78 | D:1      | Reached skill level 1 in Fighting
   275 | D:1      | Reached skill level 2 in Fighting
   275 | D:1      | Reached XP level 2. HP: 17/24 MP: 0/4
   730 | D:1      | You fall into a shaft and drop 1 floor!
   835 | D:2      | Noticed Sigmund
  1141 | D:1      | Reached skill level 1 in Armour
  1141 | D:1      | Reached XP level 3. HP: 30/30 MP: 5/5
  1267 | D:1      | Reached skill level 3 in Fighting
  2182 | D:1      | Reached XP level 4. HP: 31/38 MP: 6/6
  2507 | D:2      | Found a blossoming altar of Fedhas.
  2669 | D:2      | Found a sacrificial altar of Ru.
  2917 | D:2      | Noticed Terence
  3134 | D:3      | Found a shadowy altar of Dithmenos.
  3385 | D:3      | Noticed a bullfrog
  3397 | D:3      | Gained mutation: You have large cloven feet. [potion of
                  | mutation]
  3397 | D:3      | Gained mutation: You are surrounded by a mild repulsion
                  | field. (EV +2) [potion of mutation]
  3397 | D:3      | Gained mutation: You have a pair of small horns on your
                  | head. [potion of mutation]
  3397 | D:3      | Gained mutation: You have hoof-like feet. [potion of
                  | mutation]
  3406 | D:3      | Killed a bullfrog
  3406 | D:3      | Reached skill level 4 in Fighting
  3406 | D:3      | Reached XP level 5. HP: 18/46 MP: 7/7
  3735 | D:3      | Found a sparkling altar of Nemelex Xobeh.
  3736 | D:3      | Found a shimmering altar of Xom.
  3759 | D:3      | Found a hide-covered altar of Uskayaw.
  3999 | D:3      | Noticed Ijyb
  4292 | D:1      | Killed Terence
  4292 | D:1      | Reached skill level 1 in Maces & Flails
  4374 | D:2      | Killed Sigmund
  4374 | D:2      | Reached XP level 6. HP: 53/53 MP: 8/8
  4776 | D:4      | Reached skill level 5 in Fighting
  4776 | D:4      | Reached XP level 7. HP: 61/61 MP: 9/9
  5002 | D:4      | You fall into a shaft and drop 3 floors!
  5096 | D:6      | Found a hazy altar of Hepliaklqana.
  5150 | D:7      | Found Judu Zahothra's Assorted Antiques.
  5156 | D:7      | Bought a forked silver wand for 92 gold pieces
  5450 | D:6      | Got a slimy brass ring
  5451 | D:6      | Identified the ring of the Princess {Ice Str+4 Int+4
                  | Stlth+} (You found it on level 6 of the Dungeon)
  5689 | D:6      | Found Usea's Antique Weapon Emporium.
  5757 | D:5      | Entered Level 5 of the Dungeon
  6016 | D:5      | Reached XP level 8. HP: 70/70 MP: 10/10
  6054 | D:5      | Reached skill level 6 in Fighting
  6061 | D:5      | Reached skill level 5 in Armour
  6512 | D:5      | Noticed a slime creature
  6512 | D:5      | Noticed a slime creature
  6556 | D:5      | Found a radiant altar of Vehumet.
  7202 | D:4      | Reached skill level 1 in Axes
  7789 | D:6      | Became a worshipper of Beogh the Brigand
  7799 | D:6      | Reached skill level 7 in Fighting
  7799 | D:6      | Reached skill level 5 in Evocations
  7800 | D:6      | Found Liugazuna's Book Boutique.
  8144 | D:6      | Found Inosmigg's Food Emporium.
  8158 | D:6      | Reached XP level 9. HP: 59/79 MP: 12/12
  8297 | D:6      | Found a staircase to the Ecumenical Temple.
  8649 | D:6      | Bought a shimmering hand axe for 224 gold pieces
  8649 | D:6      | Identified the +9 hand axe "Laitzeh" {protect, *Rage rN+
                  | Int+3 Dex+7} (You bought it in a shop on level 6 of the
                  | Dungeon)
  9100 | D:7      | Reached * piety under Beogh
  9277 | D:7      | Found a runed translucent door.
  9278 | D:7      | Noticed topfpfpflanze's ghost (novice CeSu)
  9291 | D:7      | Killed topfpfpflanze's ghost
  9291 | D:7      | Reached skill level 5 in Axes
  9561 | D:7      | Reached skill level 8 in Fighting
  9744 | D:7      | Reached skill level 1 in Invocations
  9817 | D:7      | Got an ichor-stained chain mail
  9848 | D:7      | Identified the cursed +0 chain mail "Irghit Hefe" {+Blink
                  | rC+ MR+} (You found it on level 7 of the Dungeon)
  9992 | D:8      | Found a staircase to the Lair.
 10003 | D:8      | Reached XP level 10. HP: 73/88 MP: 14/14
 10066 | D:8      | Reached skill level 5 in Shields
 10359 | D:8      | Found a stormy altar of Qazlal.
 10409 | D:8      | Reached ** piety under Beogh
 11205 | D:9      | Reached skill level 9 in Fighting
 11284 | D:9      | Found Xagagepi's Antique Armour Shoppe.
 11681 | D:9      | Found a shimmering blue altar of Sif Muna.
 11844 | D:10     | Entered Level 10 of the Dungeon
 12072 | D:10     | Paralysed by a hornet for 2 turns
 12075 | D:10     | Paralysed by a hornet for 3 turns
 12082 | D:10     | Paralysed by a hornet for 2 turns
 12483 | D:10     | Reached XP level 11. HP: 97/97 MP: 15/15
 12599 | D:10     | Reached skill level 5 in Invocations
 12654 | D:10     | Reached *** piety under Beogh
 12738 | D:10     | Reached skill level 10 in Axes
 13020 | D:11     | Noticed a green ugly thing
 13031 | D:11     | Killed a green ugly thing
 13275 | D:11     | Noticed a cyclops
 13284 | D:11     | Killed a cyclops
 13591 | D:11     | Learned a level 2 spell: Blink
 13824 | D:11     | Noticed a three-headed hydra
 13830 | D:11     | Reached skill level 10 in Fighting
 13838 | D:11     | Killed a ten-headed hydra
 13971 | D:12     | Found a staircase to the Orcish Mines.
 13977 | D:12     | Noticed a manticore
 13987 | D:12     | Killed a manticore
 14141 | D:12     | Reached **** piety under Beogh
 14714 | D:12     | Reached XP level 12. HP: 104/107 MP: 17/17
 15677 | D:13     | Noticed Urug
 15696 | D:13     | Noticed Maurice
 15831 | Lair:1   | Entered Level 1 of the Lair of Beasts
 16249 | Lair:1   | Noticed an eight-headed hydra
 16259 | Lair:1   | Killed an eight-headed hydra
 16977 | Lair:2   | Noticed a five-headed hydra
 16981 | Lair:2   | Killed a five-headed hydra
 16981 | Lair:2   | Reached skill level 11 in Fighting
 16982 | Lair:2   | Got an ivory demon blade
 17046 | Lair:2   | Reached skill level 10 in Armour
 17139 | Lair:2   | Found a hole to the Spider Nest.
 17149 | Lair:2   | Found a staircase to the Swamp.
 17159 | Lair:2   | Noticed a six-headed hydra
 17167 | Lair:2   | Killed a ten-headed hydra
 17177 | Lair:2   | Found the ring of the Octopus King
 17224 | Lair:2   | Got a ring of the Octopus King
 17284 | Lair:2   | Identified a ring of the Octopus King {rC+ AC+1 EV+1 Str+1
                  | Int+1 Dex+1} (You found it on level 2 of the Lair of
                  | Beasts)
 17986 | Lair:3   | Reached XP level 13. HP: 116/116 MP: 19/19
 18867 | Lair:4   | Reached skill level 12 in Fighting
 18867 | Lair:4   | Reached skill level 10 in Invocations
 18870 | Lair:4   | Gained Orik as an ally
 19042 | Lair:4   | Reached ***** piety under Beogh
 19591 | Lair:4   | Identified the cursed +3 demon blade "Nulleoqarph" {freeze,
                  | rPois rC+ rN+ Int-5} (You found it on level 2 of the Lair
                  | of Beasts)
 20065 | Lair:5   | Reached skill level 5 in Dodging
 20217 | Lair:5   | Reached skill level 10 in Shields
 20357 | Lair:5   | Found a viscous altar of Jiyva.
 20358 | Lair:5   | Found a staircase to the Slime Pits.
 20428 | Lair:5   | Noticed Nessos
 20439 | Lair:5   | Killed Nessos
 20890 | Lair:6   | Entered Level 6 of the Lair of Beasts
 20903 | Lair:6   | Gained Norbak as an ally
 20989 | Lair:6   | Reached XP level 14. HP: 127/127 MP: 22/22
 21099 | Lair:6   | Found a runed translucent door.
 21100 | Lair:6   | Found a shimmering altar of Xom.
 21100 | Lair:6   | Noticed Sigibet's ghost (journeyman GrEE)
 21132 | Lair:6   | Killed Sigibet's ghost
 21536 | Lair:6   | Reached skill level 13 in Fighting
 22543 | Lair:6   | Identified a scroll of acquirement
 23181 | D:13     | Noticed Rupert
 23191 | D:13     | Killed Rupert
 23195 | D:13     | Killed Maurice
 23932 | D:14     | Reached XP level 15. HP: 122/136 MP: 23/23
 23945 | D:14     | Your ally Norbak died
 24140 | D:14     | Found a gate to the Vaults.
 24837 | D:15     | Entered Level 15 of the Dungeon
 24890 | D:15     | Reached skill level 14 in Fighting
 25839 | D:15     | Found a staircase to the Depths.
 26163 | Spider:1 | Entered Level 1 of the Spider Nest
 26414 | Spider:1 | Noticed an emperor scorpion
 26445 | Spider:1 | Killed an emperor scorpion
 26550 | Spider:1 | Reached ****** piety under Beogh
 27438 | Spider:1 | Gained Borgun as an ally
 27502 | Spider:1 | Reached XP level 16. HP: 138/147 MP: 25/25
 29708 | Spider:3 | Found a frozen archway.
 29712 | IceCv    | Entered an ice cave
 30743 | IceCv    | Reached skill level 15 in Fighting
 31970 | Spider:4 | Entered Level 4 of the Spider Nest
 32700 | Spider:4 | Reached skill level 15 in Axes
 32761 | Spider:4 | Reached XP level 17. HP: 101/156 MP: 26/26
 33961 | Spider:4 | Got a gossamer rune of Zot
 34335 | Swamp:1  | Entered Level 1 of the Swamp
 34742 | Swamp:1  | Gained Jorge as an ally
 34915 | Swamp:1  | Your ally Jorge died
 36761 | Swamp:3  | Reached skill level 16 in Fighting
 37091 | Swamp:4  | Entered Level 4 of the Swamp
 37270 | Swamp:4  | Gained Syrus as an ally
 37566 | Swamp:4  | Noticed the 27-headed Lernaean hydra
 37577 | Swamp:4  | Killed the 25-headed Lernaean hydra
 37582 | Swamp:4  | Your ally Syrus died
 37596 | Swamp:4  | Reached XP level 18. HP: 64/166 MP: 17/27
 37979 | Swamp:4  | Noticed Bai Suzhen
 38010 | Swamp:4  | Killed Bai Suzhen
 38010 | Swamp:4  | Reached skill level 15 in Armour
 38010 | Swamp:4  | Reached skill level 10 in Dodging
 38158 | Swamp:4  | Gained Bogbrand as an ally
 38450 | Swamp:4  | Got a decaying rune of Zot
 38738 | Swamp:4  | Gained mutation: You are clumsy. (Dex -2) [mutagenic glow]
 39273 | Vaults:1 | Entered Level 1 of the Vaults
 39314 | Vaults:1 | Gained Boldo as an ally
 41499 | Vaults:2 | Reached skill level 17 in Fighting
 41499 | Vaults:2 | Paralysed by an orc sorcerer for 2 turns
 41727 | Vaults:2 | Reached skill level 15 in Shields
 41728 | Vaults:2 | Reached XP level 19. HP: 160/177 MP: 28/28
 42174 | Vaults:2 | Gained Wargrak as an ally
 42455 | Vaults:2 | Your ally Wargrak died
 42513 | Vaults:2 | Paralysed by a wizard for 2 turns
 42989 | Vaults:2 | Found a staircase to the Crypt.
 43857 | Vaults:3 | Gained Margrim as an ally
 44040 | Vaults:3 | Paralysed by an ogre mage for 3 turns
 44865 | Vaults:3 | Reached skill level 18 in Fighting
 45228 | Vaults:3 | Reached XP level 20. HP: 181/187 MP: 29/29
 46068 | Vaults:4 | Gained Ugrim as an ally
 47327 | Vaults:4 | Noticed Xtahua
 47337 | Vaults:4 | Paralysed by Xtahua for 3 turns
 47345 | Vaults:4 | HP: 1/280 [Xtahua/searing blast (46)]
 47351 | Vaults:4 | Killed Xtahua
 49172 | Depths:1 | Entered Level 1 of the Depths
 49184 | Depths:1 | Paralysed by something for 4 turns
 49437 | Depths:1 | Gained Agrik as an ally
 49438 | Depths:1 | Your ally Agrik died
 49489 | Depths:1 | Reached skill level 19 in Fighting
 49857 | Depths:1 | Found Xoudgh's General Store.
 49857 | Depths:1 | Found Xoidwacvu's General Store.
 49874 | Depths:1 | Found Vaen's Armour Shop.
 49876 | Depths:1 | Found Keexas's Weapon Boutique.
 50115 | Depths:1 | Found a glowing golden altar of the Shining One.
 50266 | Depths:1 | You fall into a shaft and drop 1 floor!
 50301 | Depths:2 | Reached XP level 21. HP: 198/198 MP: 31/31
 50359 | Depths:2 | Found Jumuz's Magic Scroll Shop.
 51793 | Depths:1 | Found a gateway to Hell.
 52905 | Depths:2 | Paralysed by something for 7 turns
 52919 | Depths:2 | Paralysed by something for 5 turns
 52922 | Depths:2 | HP: 2/199 [something (12)]
 52923 | Depths:2 | Annihilated by a vampire knight

Levels and vault maps discovered:
D:1:      minmay_arrival_hallway, layout_loops_ring
D:2:      layout_rooms, nicolae_overflow_crystal_walls, marbit_many_paths,
          uniq_sigmund, uniq_terence
D:3:      minmay_razor_zed, layout_loops_ring, eat_drink_and_be_merry_uskayaw,
          gammafunk_temple_overflow_statue, grunt_dithmenos_smoke_and_mirrors,
          uniq_ijyb
D:4:      layout_basic, first_ration, hangedman_abyss_or_decor_lesser_grid
D:5:      cheibrodos_fertilizer, layout_cave_pods, vehumet_altar_wand_db,
          minmay_misc_feat_tiny
D:6:      layout_layer_cave, nicolae_overflow_hidden_temple,
          minmay_temple_entry_gardened_gates, serial_shops, nicolae_shop_stone,
          shop, shop, minmay_ogre_servants
D:7:      kennysheep_spiral_hall, layout_layer_cave, serial_shops,
          nicolae_shop_crystal, gammafunk_ghost_grave, nrook_loot_triangle,
          minmay_strange_pillars
D:8:      layout_basic, overflow_temple_1_default, minmay_lair_entry_grove
D:9:      layout_irregular_city, led_sif_book, serial_shops, kennysheep_mini
D:10:     layout_irregular_city
D:11:     layout_cave_pools, hangedman_ranch [blue_anna_fruit_fields]
D:12:     layout_grid_maze, orc_0_dummy
D:13:     layout_rooms, uniq_urug, uniq_maurice, uniq_rupert
D:14:     layout_long_grid, skrybe_vaults_entry_preservation
D:15:     grunt_enter_depths_snipers, layout_rooms
Lair:1:   layout_chaotic_city
Lair:2:   layout_loops_ring, swamp_mist, spider_nest_entry_web_field
Lair:3:   layout_gridlike, grunt_megastairs_2
Lair:4:   layout_misc_corridors, serial_bayou_shore_b
Lair:5:   wander_river, layout_cave_pods, dpeg_slime_entry_enclosed_altar,
          kennysheep_rathole, infiniplex_staircase_pool_2, uniq_nessos
Lair:6:   hangedman_lair_caniforms_friends, layout_small_grid,
          guppyfry_lair_end_dragon, ebering_ghost_xom, serial_bayou_shore_b
Swamp:1:  layout_basic_swamp, hangedman_swamp_ruin_wall
Swamp:2:  layout_falls_marsh, evilmike_swamp_ruin_wall
Swamp:3:  cheibrodos_swamp_tower_of_moss, layout_basic_swamp,
          nicolae_swamp_very_dense_foliage, swamp_pool1
Swamp:4:  swamp_vile, layout_basic_swamp, uniq_bai_suzhen
Spider:1: layout_spider_delve
Spider:2: layout_spider_delve, drop_trap
Spider:3: layout_spider_delve, portal_ice_cave_entry_pillars_three, drop_trap
Spider:4: guppyfry_spider_rune, guppyfry_spider_mini_1
Vaults:1: v_misc_23, vaults_room_semicircle, vaults_room_grunt_arrival_ludios,
          vaults_room_pools, v_rooms_3, v_misc_28, v_misc_4,
          hangedman_vaults_corner, nicolae_vaults_yaktaur_gun_rack,
          ontoclasm_vaults_decontamination, ontoclasm_vaults_misaligned,
          nicolae_vaults_little_squares_4, layout_vaults_omnicross
Vaults:2: nicolae_vaults_little_squares_6, vaults_mumra_hex, v_misc_3,
          v_pattern_3, ontoclasm_vaults_hangar, v_misc_22,
          nicolae_vaults_circle_grid_a, ontoclasm_vaults_loading_screen,
          grunt_vaults_hallway_long, layout_vaults_chaotic_city,
          minmay_crypt_entry_simple_corners
Vaults:3: hangedman_vaults_stream, ontoclasm_vaults_gateway,
          hangedman_vaults_stitches, nicolae_vaults_network_barrier,
          vaults_dpeg_cross, vaults_room_grid, v_alt_pattern_5,
          ontoclasm_vaults_eye, nicolae_vaults_murderbox,
          hangedman_vaults_cutoff, vaults_dpeg_hooks, layout_vaults_ring
Vaults:4: hangedman_vaults_slither, ontoclasm_vaults_misaligned, v_misc_16,
          ontoclasm_vaults_chip, vaults_room_door_hall, grunt_vaults_swirl,
          nicolae_vaults_angled_halls, layout_vaults_omnigrid, uniq_xtahua
Depths:1: layout_basic, chequers_decorated_corner, pf_hell_entry_great_geh,
          tso_metal_star, serial_bayou_shore_b, minmay_shoptagon
Depths:2: minmay_blocking_statues, layout_cave_pools, grunt_decor_fettered,
          special_room [special_room_morgue], serial_shops,
          nicolae_shop_behind_doors, nicolae_shop_trees,
          nicolae_shop_waterfront, shop, hell_entry, lemuel_old_faithful,
          minmay_shop_grove, serial_bayou_shore_b

Skill      XL: |  1  2  3  4  5  6  7  8  9 10 11 12 13 14 15 16 17 18 19 20 21 |
---------------+----------------------------------------------------------------+-----
Fighting       | 2 3 4 5 7 8 9 10 11 12 13 14 15 16 17 18 19 | 19.5
Armour         | 1 2 3 4 6 7 8 9 10 11 12 13 14 15 16 17 18 | 18.1
Evocations     | 2 3 5 6 |  6.0
Maces & Flails | 2 3 |  3.9
Axes           | 3 7 9 11 12 13 15 17 | 17.8
Shields        | 2 4 5 7 8 10 11 12 13 14 15 16 17 | 17.5
Invocations    | 1 4 7 9 11 12 13 14 | 14.2
Dodging        | 3 5 6 8 9 10 11 12 13 | 13.1
Stealth        | |  1.5
Spellcasting   | |  1.5
Necromancy     | |  2.0
Earth Magic    | |  1.0

Action                   |  1- 3 |  4- 6 |  7- 9 | 10-12 | 13-15 | 16-18 | 19-21 || total
-------------------------+-------+-------+-------+-------+-------+-------+-------++-------
Melee: Whip              |   180 |   178 |   149 |       |       |       |       ||   507
       Dagger            |     8 |       |       |       |       |       |       ||     8
       Headbutt          |       |    10 |    56 |   124 |   232 |   345 |   229 ||   996
       Kick              |       |     7 |    92 |   206 |   406 |    92 |       ||   803
       Flail             |       |       |    81 |       |       |       |       ||    81
       Hand axe          |       |       |    52 |   420 |   488 |       |       ||   960
       Broad axe         |       |       |       |       |   339 |  1304 |   931 ||  2574
Throw: Stone             |     3 |       |       |       |       |       |       ||     3
       Boomerang         |       |       |     2 |     5 |       |       |       ||     7
 Cast: Magic Dart        |     6 |       |       |       |       |       |       ||     6
Invok: Convert to Beogh  |       |       |     1 |       |       |       |       ||     1
       Smiting           |       |       |       |    12 |    14 |    22 |    28 ||    76
       Recall Orcish Fol |       |       |       |       |     2 |       |     1 ||     3
       Give Item to Name |       |       |       |       |     2 |     1 |     3 ||     6
       Stop Recall       |       |       |       |       |     1 |       |     1 ||     2
       Resurrection      |       |       |       |       |       |       |     1 ||     1
 Abil: Evoke Berserk Rag |       |     3 |     2 |       |       |       |       ||     5
Evoke: Wand              |       |       |       |       |       |       |     2 ||     2
  Use: Potion            |     1 |     4 |       |     1 |     1 |     2 |     7 ||    16
       Scroll            |       |     3 |     4 |     3 |    22 |    11 |     6 ||    49
 Stab: Sleeping          |     1 |     2 |       |       |       |       |       ||     3
       Distracted        |       |       |       |     1 |     9 |     4 |     3 ||    17
       Petrifying        |       |       |       |       |     2 |       |       ||     2
       Confused          |       |       |       |       |       |     1 |       ||     1
  Eat: Chunk             |     5 |     6 |    16 |    23 |    27 |    27 |    19 ||   123
       Ration            |       |     1 |     1 |     1 |     1 |     6 |     5 ||    15
Armor: Robe              |     2 |       |       |       |       |       |       ||     2
       Leather armour    |    48 |    36 |     2 |       |       |       |       ||    86
       Ring mail         |       |       |    58 |       |       |       |       ||    58
       Chain mail        |       |       |    14 |   101 |    42 |       |       ||   157
       Crystal plate arm |       |       |       |       |   261 |   884 |   330 ||  1475
Dodge: Dodged            |   137 |    91 |   141 |    54 |   140 |   307 |   180 ||  1050
Block: Other             |       |       |     1 |       |       |       |       ||     1
       Large shield      |       |       |     5 |   187 |   983 |  1744 |  1015 ||  3934
       Buckler           |       |       |     5 |       |       |       |       ||     5
       Shield            |       |       |       |   145 |       |       |       ||   145
       Reflection        |       |       |       |    17 |    42 |    50 |    99 ||   208
